 Dungeon Crawl Stone Soup version 0.30.1-9-gdf580d7c3d (webtiles) character file.

Game seed: 5936817005970444988

103 Ivernyr the Ruffian (level 4, -6/40 HPs)
             Began as a Ghoul Monk on Oct 4, 2023.
             Mangled by a steam dragon (7 damage)
             ... on level 3 of the Dungeon.
             The game lasted 00:02:47 (1765 turns).

Ivernyr the Ruffian (Ghoul Monk)                    Turns: 1765, Time: 00:02:48

Health: -6/40      AC:  8    Str: 16    XL:     4   Next: 79%
Magic:  3/3        EV:  8    Int:  5    God:
Gold:   166        SH:  0    Dex: 11    Spells: 3/3 levels left

rFire   . .          .
                       - Unarmed
rCold   + . .        c - orb {light}
rNeg    + + +        a - +0 chain mail
rPois   ∞            (no helmet)
rElec   .            (no cloak)
rCorr   .            (no gloves)
SInv    .            (no boots)
Will    .....        (no amulet) Stlth
                     (no ring)
HPRegen 0.00/turn    (no ring)
MPRegen 0.08/turn

%: no passive effects
@: inhibited regen, glowing
A: claws 1, cold resistance 1, negative energy resistance 3, inhibited
regeneration, torment resistance 2, devour on kill
a: no special abilities


You were on level 3 of the Dungeon.
You visited 1 branch of the dungeon, and saw 3 of its levels.

You collected 166 gold pieces.

Inventory:

Armour
 a - a +0 chain mail (worn)
 c - an orb of light (worn)
Scrolls
 d - 2 scrolls of blinking {unknown}
 f - a scroll of fog {unknown}
 g - a scroll of silence {unknown}
 h - a scroll of identify {unknown}
 j - a scroll of enchant armour {unknown}
 k - a scroll of immolation {unknown}
 l - a scroll of enchant weapon {unknown}
 m - a scroll of amnesia {unknown}
 n - a scroll of teleportation {unknown}
Potions
 b - a potion of ambrosia
 e - 3 potions of curing {unknown}
 i - a potion of attraction {unknown}


   Skills:
 + Level 3.9 Fighting
 + Level 1.3 Armour
 + Level 3.2 Dodging
 * Level 4.5 Unarmed Combat


You had 3 spell levels left.
You didn't know any spells.
Your spell library contained the following spells:

 Spells                   Type           Power      Damage    Failure   Level
 Summon Small Mammal      Summ           0%         N/A       100%        1
 Cigotuvi's Dreadful Rot  Necr/Pois/Air  0%         N/A       100%        2
 Call Canine Familiar     Summ           0%         N/A       100%        3
 Summon Guardian Golem    Hex/Summ       0%         N/A       100%        3
 Vhi's Electric Charge    Tloc/Air       0%         N/A       100%        3
 Dispel Undead            Necr           0%         3d6       100%        4
 Arcjolt                  Conj/Air       0%         1d10      100%        5
 Death Channel            Necr           0%         N/A       100%        6
 Plasma Beam              Fire/Air       0%         2x1d11    100%        6


Dungeon Overview and Level Annotations

Branches:
Dungeon (3/15)

Altars:
Kikubaaqudgha
Okawaru

Annotations:
D:1 2 transporters


Innate Abilities, Weirdness & Mutations

You are immune to poison.
You have sharp fingernails.
Your flesh is cold resistant. (rC+)
You are immune to negative energy. (rN+++)
You do not regenerate when monsters are visible.
You are immune to unholy pain and torment.
You thrive by killing the living.


Message History

You add the spells Summon Small Mammal, Call Canine Familiar and Summon Guardian Golem to your library.
m - a scroll labelled NYELEG JAERA You see here 2 poisoned darts.
A frilled lizard comes into view.
The frilled lizard hisses angrily.
The frilled lizard moves out of view.
A frilled lizard is nearby!
The frilled lizard bites you but does no damage.
You completely miss the frilled lizard. The frilled lizard barely misses you.
You claw the frilled lizard!
You kill the frilled lizard!
Found a scroll labelled AZXOGI LO GUEXTA.
n - a scroll labelled AZXOGI LO GUEXTA You now have 166 gold pieces (gained 11).
You see here an adder corpse.
You see here a giant cockroach corpse.
You see here a +0 short sword.
Found a dagger.
A bat and a steam dragon come into view.
There are monsters nearby!
The bat barely misses you.
You scratch the bat.
You kill the bat!
An adder comes into view.
You see here a bat corpse.
A hobgoblin comes into view. It is wielding a +0 scimitar.
The adder hisses angrily.
The hobgoblin shouts!
You scratch the steam dragon.
The steam dragon is moderately wounded.
The steam dragon breathes steam at you. The ball of steam hits you!
You barely miss the steam dragon.
The steam dragon is moderately wounded.
You are engulfed in a cloud of scalding steam.
The steam dragon breathes steam at you. The ball of steam hits you!!
Ouch! That really hurt!
* * * LOW HITPOINT WARNING * * *
The steam dragon bites you!
You die...

########).##..#####
......(......##
######..††.†.#####
#.).####....... ##.###
##...### .
#######..######.......
...#.§.............###.##
......§†....####### #.##
#..$g.S§@#### ###...
###..###D# #.>... #..
.... #....###. #..
....... ...### #. ..
..........## #† #
#.).......# ####.
..........# ##....
###........# #..###
#..#####.##


You could see a steam dragon (catching breath), an adder and a hobgoblin.

Vanquished Creatures
  5 adders
  2 worms
  3 dart slugs (D:1)
  An orc (D:3)
  3 endoplasms
  3 giant cockroaches
  2 goblins
  5 hobgoblins
  6 jackals (D:2)
  A quokka (D:1)
  2 ball pythons
  6 bats
  3 frilled lizards
  2 kobolds
  A rat (D:3)
45 creatures vanquished.

Notes
Turn   | Place    | Note
-------+----------+-------------------------------------------
     0 | D:1      | Ivernyr the Ghoul Monk began the quest for the Orb.
     0 | D:1      | Reached XP level 1. HP: 19/19 MP: 0/0
   180 | D:1      | Reached XP level 2. HP: 26/26 MP: 1/1
   361 | D:1      | Found a faded altar of an unknown god.
   672 | D:2      | Reached XP level 3. HP: 31/31 MP: 2/2
   804 | D:2      | Reached skill level 1 in Armour
   804 | D:2      | Reached skill level 4 in Unarmed Combat
   811 | D:2      | Found an ancient bone altar of Kikubaaqudgha.
   979 | D:2      | Found an iron altar of Okawaru.
   991 | D:2      | Identified the +0 robe of the Devil's Team {rElec}
  1084 | D:2      | Reached XP level 4. HP: 40/40 MP: 3/3
  1758 | D:3      | Noticed a steam dragon
  1764 | D:3      | HP: 1/40 [steam dragon/ball of steam (23)]
  1765 | D:3      | Mangled by a steam dragon

Illustrated notes

Levels and vault maps discovered:
D:1:      spicycebolla_arrival_transporter_tutorial, layout_basic,
          hellmonk_ecumenical_altar_crossroads
D:2:      layout_loops_ring, basic_altar, roderic_st_hans_cross,
          minmay_hexomino_r4
D:3:      layout_rooms

Skill      XL: |  1  2  3 |
---------------+----------+-----
Dodging        | 3 |  3.2
Armour         | 1 |  1.3
Unarmed Combat | 4 |  4.5
Fighting       | |  3.9

Action                     |  1- 3 |  4- 6 || total
---------------------------+-------+-------++-------
  Melee: Unarmed           |    75 |    48 ||   123
 Armour: Chain mail        |    43 |    16 ||    59
  Dodge: Dodged            |    24 |    21 ||    45
